 Dungeon Crawl Stone Soup version 0.29-a0-362-g5854e031c7 (webtiles) character file.

Game seed: 14452518849202098463

60 Morbidden the Skirmisher (level 3, 29/29 HPs)
             Began as a Demonspawn Fighter on Apr 29, 2022.
             Quit the game on level 2 of the Dungeon.
             The game lasted 00:01:07 (1264 turns).

Morbidden the Skirmisher (Demonspawn Fighter)       Turns: 1264, Time: 00:01:08

Health: 29/29      AC: 10    Str: 18    XL:     3   Next: 82%
Magic:  3/3        EV:  7    Int:  9    God:
Gold:   71         SH:  4    Dex: 12    Spells: 3/3 levels left

rFire   . . .      SeeInvis .   a - +0 war axe
rCold   . . .      Faith    .   c - +0 buckler
rNeg    . . .      Spirit   .   e - +0 chain mail
rPois   .          Reflect  .   (no helmet)
rElec   .          Harm     .   l - +0 cloak
rCorr   .          Rampage  .   (no gloves)
Will    .....                   (no boots)
Stlth   ..........              (no amulet)
HPRegen 0.09/turn               (no ring)
MPRegen 0.08/turn               (no ring)

@: no status effects
A: claws 1, spiny 1
a: no special abilities


You were on level 2 of the Dungeon.
You visited 1 branch of the dungeon, and saw 2 of its levels.

You collected 71 gold pieces.

Inventory:

Hand Weapons
 a - a +0 war axe (weapon)
Missiles
 h - 6 javelins
 j - 5 poisoned darts (quivered)
Armour
 c - a +0 buckler (worn)
 e - a +0 chain mail (worn)
 l - a +0 cloak (worn)
Scrolls
 b - a scroll of magic mapping {unknown}
 g - a scroll of teleportation {unknown}
 i - a scroll of identify {unknown}
Potions
 d - a potion of might
 f - a potion of resistance {unknown}
 k - a potion of lignification {unknown}


   Skills:
 * Level 3.4 Fighting
 * Level 2.6 Axes
 + Level 3.0 Armour
 * Level 0.9 Dodging
 + Level 2.8 Shields
 * Level 0.6 Spellcasting


You had 3 spell levels left.
You didn't know any spells.
Your spell library was empty.

Dungeon Overview and Level Annotations

Branches:
Dungeon (2/15)

Altars:


Innate Abilities, Weirdness & Mutations

You have sharp fingernails.
You are partially covered in sharp spines.


Message History

You hit the worm.
You kill the worm!
You block Natasha's attack.
The goblin shoots a sling bullet.
You block the sling bullet. You block Natasha's attack.
The goblin shoots a sling bullet.
The sling bullet hits you but does no damage.
You hit Natasha but do no damage.
Natasha is almost dead.
You block Natasha's attack.
The goblin shoots a sling bullet.
The sling bullet hits you. Natasha is struck by your spines.
You kill Natasha!
You hear a faint echoing roar filled with hate and sorrow!
The goblin shoots a sling bullet.
The sling bullet hits you but does no damage.
Your Armour skill increases to level 3!
The goblin shoots a sling bullet.
The sling bullet hits you.
The goblin shoots a sling bullet.
The sling bullet hits you but does no damage.
Unknown command.
The goblin unwields a +0 hunting sling.
The goblin wields a +0 club.
The goblin barely misses you.
Unknown command.
You hit the goblin.
The goblin is heavily wounded.
You block the goblin's attack. The goblin hits you but does no damage.
You hit the goblin.
The goblin is severely wounded.
You feel yourself speed up. The goblin is struck by your spines.
You kill the goblin!
Unknown command.
No target in view!
A hobgoblin comes into view. It is quivering poisoned darts.
A hobgoblin is nearby!
The hobgoblin shouts!
The hobgoblin throws a poisoned dart.
The poisoned dart barely misses you.
The hobgoblin throws a poisoned dart.
The poisoned dart barely misses you.
A hobgoblin is nearby!
A hobgoblin is nearby!
Are you sure you want to abandon this character and quit the game? (Confirm with "yes".)

........#....
............
........... ..
..........# ....
......g...####....
...................
...................
#......@..........
###........†........
......................
.............#........
............##.)......
............####......
............# ......
..........### ........
. ..........# #.......
.


You could see a hobgoblin.

Vanquished Creatures
  Natasha (D:2)
  An adder (D:2)
  A worm (D:2)
  An endoplasm (D:1)
  A giant cockroach (D:1)
  3 goblins
  4 hobgoblins
  A quokka (D:1)
  3 bats (D:1)
  A frilled lizard (D:1)
  3 kobolds (D:1)
  3 rats
23 creatures vanquished.

Notes
Turn   | Place    | Note
-------+----------+-------------------------------------------
     0 | D:1      | Morbidden the Demonspawn Fighter began the quest for the
                  | Orb.
     0 | D:1      | Reached XP level 1. HP: 18/18 MP: 1/1
   433 | D:1      | Gained mutation: You are partially covered in sharp spines.
                  | [demonic ancestry]
   433 | D:1      | Reached XP level 2. HP: 24/24 MP: 2/2
  1105 | D:2      | Noticed Natasha
  1111 | D:2      | Gained mutation: You have sharp fingernails. [demonic
                  | ancestry]
  1111 | D:2      | Reached XP level 3. HP: 28/29 MP: 3/3
  1115 | D:2      | Killed Natasha
  1264 | D:2      | Quit the game

Illustrated notes

Levels and vault maps discovered:
D:1:      minmay_arrival_arboretum_small, layout_loops_ring
D:2:      layout_basic, basic_altar, uniq_natasha

Skill      XL: |  1  2  3 |
---------------+----------+-----
Axes           | 2 |  2.6
Armour         | 3 |  3.0
Fighting       | |  3.4
Dodging        | |  0.9
Shields        | |  2.8
Spellcasting   | |  0.6

Action                   || total
-------------------------++-------
Melee: War axe           ||    47
Armor: Chain mail        ||    52
       Scale mail        ||     1
Dodge: Dodged            ||    26
Block: Buckler           ||    17

Table legend: (Time is in decaauts)
 A = Elapsed time spent in this place.
 B = Non-inter-level travel time spent in this place.
 C = Inter-level travel time spent in this place.
 D = Time resting spent in this place.
 E = Time spent auto-exploring this place.
 F = Levels seen in this place.
 G = Mean time per level.
                   A        B        C        D        E       F      G
               +--------+--------+--------+--------+--------+-----+--------+
         Total |   1291 |   1189 |    102 |    266 |    713 |   2 |  645.5 |
       Dungeon |   1291 |   1189 |    102 |    266 |    713 |   2 |  645.5 |
               +--------+--------+--------+--------+--------+-----+--------+

Top non-repeatable levels by time:
     D:1: 1008 daAuts
     D:2: 282 daAuts
